 Dungeon Crawl Stone Soup version 0.14-a0-2359-g1e808ab (webtiles) character file.

71 4tharraofdagon the Firebug (level 3, -2/17 HPs)
             Began as a Vine Stalker Fire Elementalist on Jan 31, 2014.
             Slain by a gnoll
             ... wielding a +0,+0 halberd
              (4 damage)
             ... on Level 2 of the Dungeon.
             The game lasted 00:03:08 (535 turns).

4tharraofdagon the Firebug (VSFE)                    Turns: 535, Time: 00:03:08

HP  -2/17        AC  3     Str 11      XL: 3   Next: 37%
MP   0/7         EV 12     Int 15      God:
Gold 35          SH  0     Dex 14      Spells:  2 memorised,  3 levels left

rFire  . . .     SeeInvis .     m - -1,+1 orc war axe
rCold  . . .     Clarity  .     a - +0 robe
rNeg   . . .     Conserve .     (no shield)
rPois  .         rCorr    .     j - +0 helmet
rElec  .         rRot     +     (no cloak)
SustAb . .       Spirit   +     (no gloves)
rMut   .         Warding  .     (no boots)
Saprov . . .     Stasis   .     (no amulet)
MR     .....                    (no ring)
                                (no ring)

@: not resistant to hostile enchantments, fairly stealthy
A: fangs 2, regeneration 1, magic shield, antimagic bite, no device heal
a: no special abilities


You were on level 2 of the Dungeon.
You were not hungry.

You visited 1 branch of the dungeon, and saw 2 of its levels.

You collected 35 gold pieces.

Inventory:

Hand weapons
 g - a +0,+0 elven short sword
 m - a -1,+1 orcish war axe (weapon)
Armour
 a - a +0 robe (worn)
 j - a +0 helmet (worn)
Comestibles
 c - a bread ration
 h - a choko
Scrolls
 d - a scroll of immolation {unknown}
 e - a scroll of curse weapon {unknown}
 f - a scroll of enchant weapon I {unknown}
 i - 3 scrolls of magic mapping {unknown}
 l - a scroll of identify {unknown}
 n - a scroll of enchant weapon II {unknown}
Potions
 k - a potion of speed {unknown}
Books
 b - a book of Flames

   Spells                             Type                      Level
   *Flame Tongue                      Conjuration/Fire             1
   Throw Flame                        Conjuration/Fire             2
   *Conjure Flame                     Conjuration/Fire             3
   Inner Flame                        Hexes/Fire                   3
   Sticky Flame                       Conjuration/Fire             4
   Fireball                           Conjuration/Fire             5


   Skills:
 + Level 0.6 Fighting
 + Level 0.8 Armour
 - Level 1.5 Dodging
 - Level 2.4 Stealth
 + Level 2.5 Spellcasting
 * Level 1.5 Conjurations
 * Level 3.4 Fire Magic


You had 3 spell levels left.
You knew the following spells:

 Your Spells              Type           Power        Failure   Level  Hunger
a - Flame Tongue          Conj/Fire      #....        10%         1    #......
b - Conjure Flame         Conj/Fire      #.......     24%         3    ####...


Dungeon Overview and Level Annotations

Branches:
Dungeon (2/16)

Altars:


Innate Abilities, Weirdness & Mutations

You have extremely sharp teeth.
Your natural rate of healing is unusually fast.
When hurt, damage is shared between your health and your magic reserves.
Your bite disrupts and absorbs the magic of your enemies.
Potions and wands cannot restore your HP.


Message History

The bat closely misses you. The bat hits you but does no damage.
The bat barely misses you.
Unknown command.
You open the door. The bat closely misses you.
The bat hits you but does no damage.
The gnoll picks up a silver dart.
The gnoll hits you from afar with a halberd.
* * * LOW HITPOINT WARNING * * *
Unknown command.
Unknown command.
Unknown command.
The bat closely misses you. The bat barely misses you.
There is an open door here.
Unknown command.
The bat closely misses you.
You open the door.
A giant gecko comes into view.
The bat closely misses you.
Unknown command.
The gnoll hits you from afar with a halberd.
You die...

###### .......
#########
.......###.......#
.......#.gb......#
.......l#.#.......#
).......@.#(g.....#
........###%......#
#+##### #.......+
#.......# #..(....#
####g#### #.# #.#
#.#######


You could see a gnoll, a giant gecko and a bat.

Vanquished Creatures
  A giant gecko (D:2)
  2 oozes (D:1)
  3 bats
  2 giant cockroaches
  A goblin (D:1)
  3 hobgoblins
  4 jackals (D:1)
  A ball python (D:1)
  2 giant newts
  5 kobolds
  7 rats (D:1)
31 creatures vanquished.

Notes
Turn   | Place    | Note
--------------------------------------------------------------
     0 | D:1      | 4tharraofdagon, the Vine Stalker Fire Elementalist, began the quest for the Orb.
     0 | D:1      | Reached XP level 1. HP: 9/9 MP: 3/3
   179 | D:1      | Reached XP level 2. HP: 11/13 MP: 6/6
   417 | D:1      | Reached XP level 3. HP: 10/17 MP: 7/7
   430 | D:1      | Learned a level 3 spell: Conjure Flame
   535 | D:2      | Slain by a gnoll

Action                   || total
-------------------------++-------
Melee: Unarmed           ||    32
       Short sword       ||    83
       War axe           ||     3
 Cast: Flame Tongue      ||    17
  Use: Potion            ||     1
 Stab: Sleeping          ||     2
